Map: Lost and Found LE

Players

Lambo - Winner!

  • Race: Zerg Zerg
  • Spawn Location: 7:00

Crimson

  • Race: Zerg Zerg
  • Spawn Location: 1:00

Event: WCS Austin 2018

VOD

Have the link to the VOD?

Description

Time

  • Played on: June 1, 2018, 3:01 p.m.
  • Length: 7:12

All games in this series

Show
View Real Time Build Order
Export as new Build Order

Lambo Zerg - Winner!

Build Orders: Hatch First, Zergling Baneling 

Get SALT Encoding   

  12  0:00  Drone  
  13  0:12  Overlord  
  13  0:16  Drone  
  14  0:30  Drone x2  
  16  0:46  Hatchery  
  15  0:50  Drone  
  15  0:55  Drone  
  17  0:57  Drone  
  18  1:05  Extractor  
  17  1:12  Spawning Pool  
  17  1:15  Drone  
  17  1:19  Drone  
  18  1:28  Drone  
  19  1:40  Drone  
  20  1:50  Drone  
  21  1:58  Queen x2  
  21  2:01  Overlord  
  25  2:02  Drone  
  25  2:06  Metabolic Boost  
  26  2:11  Drone, Zergling x2  
  28  2:20  Drone  
  29  2:27  Drone  
  30  2:32  Hatchery  
  29  2:39  Zergling x4  
  31  2:44  Baneling Nest  
  31  2:47  Drone  
  31  2:48  Overlord  
  31  2:54  Zergling x2  
  31  2:56  Drone  
  33  3:05  Drone  
  33  3:06  Drone  
  33  3:12  Zergling x12  
  40  3:20  Zergling x2  
  40  3:21  Overlord  
  41  3:33  Baneling x3  
  41  3:36  Drone x2  
  41  3:39  Drone  
  44  3:43  Drone  
  44  3:45  Drone  
  44  3:46  Drone  
  46  3:56  Drone x2  
  46  4:02  Baneling x2  
  46  4:06  Drone x2, Queen  
  49  4:10  Overlord, Extractor  
  49  4:11  Roach Warren  
  49  4:12  Drone x3, Extractor  
  49  4:15  Zergling x2  
  49  4:22  Zergling x8  
  49  4:23  Baneling x2  
  49  4:24  Baneling  
  53  4:26  Zergling x6  
  53  4:29  Drone x2  
  57  4:40  Drone  
  57  4:46  Drone  
  57  4:56  Overlord  
  57  4:58  Overlord x2  
  57  5:04  Baneling x2  
  53  5:26  Roach x10  
  68  5:30  Roach x3  
  68  5:34  Roach x2  
  77  5:39  Baneling x2  
  77  5:40  Roach x2  
  81  5:44  Overlord  
  81  5:46  Overlord  
  81  5:51  Overlord  
  80  5:58  Zergling x4  
  80  6:00  Overlord  
  82  6:04  Ravager x2  
  82  6:05  Zergling x18  
  82  6:08  Zergling x2  
  94  6:12  Ravager, Zergling x2  
  94  6:13  Zergling x2  
  94  6:18  Zergling x6  
  100  6:20  Ravager  
  100  6:23  Zergling x6  
  104  6:28  Ravager  
  105  6:35  Zergling x2  
  105  6:36  Zergling x8  
  105  6:38  Ravager, Zergling x8  
  113  6:45  Zergling x2  
  113  6:46  Zergling x4  
  112  6:48  Zergling x2  
  112  6:54  Zergling x4  
  108  6:57  Ravager  
Show
View Real Time Build Order
Export as new Build Order

Crimson Zerg 

Build Orders: Hatch First, Zergling Baneling 

Get SALT Encoding   

  12  0:00  Drone  
  13  0:12  Overlord  
  13  0:17  Drone  
  14  0:31  Drone x2  
  14  0:34  Drone  
  17  0:52  Hatchery  
  17  0:54  Drone  
  17  0:57  Drone  
  18  1:08  Extractor  
  17  1:11  Spawning Pool  
  17  1:14  Drone  
  17  1:17  Drone  
  18  1:28  Drone  
  19  1:38  Overlord  
  19  1:50  Drone  
  20  1:58  Queen  
  20  2:00  Zergling x2  
  23  2:03  Queen  
  23  2:04  Zergling x2  
  23  2:08  Metabolic Boost  
  26  2:11  Drone  
  26  2:14  Drone  
  28  2:22  Drone  
  29  2:26  Drone  
  30  2:33  Drone  
  31  2:40  Hatchery  
  31  2:42  Drone  
  31  2:45  Baneling Nest, Drone  
  31  2:48  Zergling x2  
  32  2:53  Overlord  
  32  3:05  Drone, Queen  
  33  3:07  Drone  
  35  3:14  Zergling x4  
  35  3:15  Zergling x4  
  35  3:17  Zergling x4  
  41  3:20  Zergling x2  
  41  3:25  Zergling x4  
  44  3:33  Baneling x2  
  44  3:36  Overlord  
  43  3:41  Baneling x2  
  43  3:44  Drone  
  43  3:58  Zergling x6  
  43  4:00  Baneling x2  
  43  4:02  Drone x4  
  49  4:05  Drone  
  49  4:11  Drone x2  
  49  4:15  Overlord  
  51  4:17  Overlord  
  51  4:19  Drone  
  51  4:20  Drone  
  51  4:22  Overlord  
  51  4:24  Drone  
  52  4:26  Drone  
  52  4:27  Extractor  
  52  4:28  Evolution Chamber  
  51  4:33  Overlord  
  51  4:36  Zergling x4  
  48  4:43  Zergling x2  
  48  4:48  Zergling x4  
  48  4:50  Drone  
  48  4:51  Drone x2  
  52  4:53  Baneling x4  
  52  4:54  Roach Warren  
  52  4:55  Drone x3  
  54  5:05  Drone x3  
  54  5:06  Zerg Missile Weapons Level 1  
  57  5:10  Drone x4  
  59  5:27  Drone x4  
  62  5:29  Drone x2  
  62  5:31  Lair  
  62  5:33  Drone x2  
  62  5:34  Extractor  
  62  5:36  Drone x5  
  62  5:39  Extractor  
  66  5:42  Overlord  
  66  5:44  Overlord  
  66  5:45  Extractor  
  66  5:47  Zergling x4  
  67  5:55  Roach x3  
  71  6:00  Roach x2  
  71  6:01  Roach x2  
  77  6:04  Roach  
  77  6:06  Roach  
  77  6:09  Roach  
  83  6:12  Roach  
  83  6:14  Roach  
  83  6:16  Zergling x8  
  83  6:17  Roach  
  93  6:19  Roach  
  93  6:22  Roach  
  93  6:25  Roach  
  98  6:33  Roach x3  
  98  6:34  Zergling x2  
  98  6:38  Overlord x2  
Tags
 
Add a new tag
Caveats
  • Supply blocks, unpowered buildings, or Contaminate may cause inaccurate times.
  • Supply counts are checked every 10 seconds.